[ AOE2 MATCH · #507159882 ]
UnrankedMalians vs Shu
Player's team · WIN
Rival team · LOSS
[ REPLAY ANALYSIS · EXTRACTED FROM THE RECORDED GAME ]
Feudal
12:17
Castle
20:31
Imperial
—
| APM avg | 73.1 |
| APM peak | 123 |
| eAPM avg | 28.3 |
| Villagers / military | 71 / 52 |
Focus
⚔️ 30.2% · 🌾 69.8%
Archer ×46 · Militia ×3 · Skirmisher ×3
Feudal
9:01
Castle
22:26
Imperial
—
| APM avg | 87.6 |
| APM peak | 149 |
| eAPM avg | 31.0 |
| Villagers / military | 53 / 32 |
Focus
⚔️ 34.5% · 🌾 65.5%
Archer ×27 · Scout Cavalry ×4 · Mangonel ×1
Match map
Initial resources + every placement click. Lines = walls · curves = elevation contours. ◆ gold · ⬟ stone · ● berries · ✦ relic · ◌ wall gap
Your base· ✓ Closed at 20:31 · 40t walls · 1 gate(s)
_Platense's base· Open — 3t gap
Smoothed initial terrain · ◌ = detected wall gap · hover for details
Inputs per minute
— Scotty - - _Platense
Build order — Scotty
First 150 of 222 actions detected
| 0:01 | Queue | Villager (Male) ×4 |
| 0:01 | Queue | Villager (Male) ×4 |
| 0:02 | Build | House |
| 0:04 | Build | House |
| 1:27 | Queue | Villager (Male) |
| 1:28 | Queue | Villager (Male) |
| 2:01 | Queue | Villager (Male) |
| 2:01 | Queue | Villager (Male) |
| 2:09 | Build | Barracks |
| 2:27 | Queue | Villager (Male) |
| 2:27 | Queue | Villager (Male) |
| 2:27 | Queue | Villager (Male) |
| 2:48 | Build | House |
| 3:05 | Queue | Militia |
| 3:18 | Queue | Villager (Male) |
| 3:18 | Queue | Villager (Male) |
| 3:34 | Queue | Militia |
| 3:41 | Build | House |
| 3:47 | Queue | Villager (Male) |
| 3:48 | Queue | Villager (Male) |
| 4:07 | Queue | Villager (Male) |
| 4:07 | Queue | Villager (Male) |
| 4:23 | Queue | Militia |
| 4:28 | Queue | Villager (Male) |
| 5:02 | Queue | Villager (Male) |
| 5:02 | Queue | Villager (Male) |
| 5:02 | Queue | Villager (Male) |
| 5:29 | Build | Mill |
| 5:29 | Queue | Villager (Male) |
| 5:29 | Queue | Villager (Male) |
| 5:47 | Queue | Villager (Male) |
| 5:47 | Queue | Villager (Male) |
| 5:47 | Queue | Villager (Male) |
| 5:53 | Build | House |
| 6:03 | Queue | Villager (Male) |
| 6:03 | Queue | Villager (Male) |
| 6:03 | Queue | Villager (Male) |
| 6:51 | Queue | Villager (Male) |
| 7:22 | Queue | Villager (Male) |
| 7:44 | Build | Lumber Camp |
| 7:53 | Queue | Villager (Male) |
| 8:22 | Queue | Villager (Male) |
| 8:34 | Queue | Villager (Male) |
| 8:41 | Build | Palisade Wall |
| 8:42 | Build | Palisade Wall |
| 8:51 | Queue | Villager (Male) |
| 9:04 | Build | Palisade Wall |
| 9:12 | Research | Loom |
| 9:12 | Research | Loom |
| 9:25 | Build | Palisade Wall |
| 9:30 | Build | Lumber Camp |
| 9:42 | Queue | Villager (Male) |
| 9:44 | Queue | Villager (Male) |
| 9:48 | Research | Feudal Age |
| 9:48 | Research | Feudal Age |
| 9:53 | Build | House |
| 10:12 | Build | Mill |
| 10:19 | Build | Mining Camp |
| 10:21 | Queue | Villager (Male) |
| 10:23 | Build | House |
| 10:34 | Build | Palisade Wall |
| 10:41 | Build | Palisade Wall |
| 10:47 | Build | Farm |
| 10:47 | Build | Farm |
| 10:57 | Build | Palisade Wall |
| 11:22 | Build | Farm |
| 11:40 | Queue | Villager (Male) |
| 11:43 | Build | Palisade Wall |
| 11:50 | Build | Farm |
| 12:11 | Build | Farm |
| 12:17 | Age | Feudal Age |
| 12:21 | Build | Archery Range |
| 12:33 | Build | Farm |
| 12:39 | Research | Double-Bit Axe |
| 12:39 | Research | Double-Bit Axe |
| 12:47 | Build | Farm |
| 12:53 | Queue | Villager (Male) |
| 13:13 | Queue | Skirmisher |
| 13:13 | Queue | Skirmisher |
| 13:18 | Queue | Villager (Male) |
| 13:18 | Queue | Villager (Male) |
| 13:24 | Build | Farm |
| 13:26 | Build | Farm |
| 13:38 | Build | Blacksmith |
| 13:42 | Build | Farm |
| 13:47 | Queue | Villager (Male) |
| 14:10 | Queue | Villager (Male) |
| 14:10 | Queue | Archer |
| 14:13 | Build | Farm |
| 14:28 | Build | Farm |
| 14:31 | Build | Farm |
| 14:36 | Queue | Villager (Male) |
| 14:46 | Queue | Skirmisher |
| 14:47 | Queue | Archer |
| 14:47 | Queue | Archer |
| 14:47 | Queue | Archer |
| 14:54 | Queue | Villager (Male) |
| 14:56 | Build | House |
| 15:00 | Build | House |
| 15:17 | Build | Market |
| 15:19 | Queue | Villager (Male) |
| 15:31 | Research | Fletching |
| 15:31 | Research | Fletching |
| 15:39 | Queue | Villager (Male) |
| 15:41 | Build | Farm |
| 15:50 | Build | Farm |
| 16:02 | Queue | Villager (Male) |
| 16:07 | Build | House |
| 16:08 | Build | House |
| 16:19 | Queue | Archer |
| 16:39 | Queue | Archer |
| 16:40 | Queue | Villager (Male) |
| 16:44 | Build | House |
| 17:01 | Build | House |
| 17:03 | Build | House |
| 17:04 | Build | House |
| 17:11 | Queue | Archer |
| 17:17 | Build | Archery Range |
| 17:26 | Build | Palisade Gate |
| 17:32 | Build | House |
| 17:51 | Research | Castle Age |
| 17:51 | Research | Castle Age |
| 17:51 | Research | Castle Age |
| 17:52 | Queue | Archer |
| 17:52 | Queue | Archer |
| 18:08 | Queue | Archer |
| 18:08 | Queue | Archer |
| 18:08 | Queue | Archer |
| 18:23 | Queue | Archer |
| 18:23 | Queue | Archer |
| 18:23 | Queue | Archer |
| 18:37 | Queue | Archer |
| 18:37 | Queue | Archer |
| 18:37 | Queue | Archer |
| 18:40 | Research | Gold Mining |
| 18:40 | Research | Gold Mining |
| 18:40 | Research | Gold Mining |
| 19:11 | Queue | Archer |
| 19:12 | Queue | Archer |
| 19:18 | Build | Palisade Wall |
| 19:19 | Build | Palisade Wall |
| 19:20 | Build | Palisade Wall |
| 19:28 | Build | House |
| 19:30 | Build | House |
| 19:42 | Queue | Archer |
| 19:50 | Queue | Villager (Male) |
| 20:11 | Queue | Archer |
| 20:11 | Queue | Archer |
| 20:31 | Age | Castle Age |
| 20:31 | Research | Crossbowman (upgrade) |
Build order — _Platense
First 150 of 157 actions detected
| 0:00 | Queue | Villager (Male) |
| 0:01 | Build | House |
| 0:02 | Build | House |
| 0:10 | Queue | Villager (Male) |
| 0:10 | Queue | Villager (Male) |
| 0:17 | Queue | Villager (Male) |
| 1:25 | Queue | Villager (Male) |
| 2:00 | Build | Lumber Camp |
| 2:00 | Queue | Villager (Male) |
| 2:00 | Queue | Villager (Male) |
| 2:11 | Queue | Villager (Male) |
| 2:42 | Queue | Villager (Male) |
| 2:42 | Queue | Villager (Male) |
| 3:08 | Queue | Villager (Male) |
| 3:08 | Queue | Villager (Male) |
| 3:40 | Queue | Villager (Male) |
| 3:42 | Queue | Villager (Male) |
| 3:47 | Build | House |
| 4:10 | Queue | Villager (Male) |
| 4:30 | Queue | Villager (Male) |
| 5:02 | Build | Mill |
| 5:25 | Queue | Villager (Male) |
| 5:42 | Queue | Villager (Male) |
| 6:00 | Research | Loom |
| 6:06 | Build | Mining Camp |
| 6:24 | Build | Palisade Wall |
| 6:25 | Build | Palisade Wall |
| 6:51 | Research | Feudal Age |
| 6:51 | Research | Feudal Age |
| 7:39 | Build | Barracks |
| 7:59 | Build | House |
| 8:23 | Queue | Villager (Male) |
| 9:00 | Queue | Villager (Male) |
| 9:01 | Age | Feudal Age |
| 9:02 | Build | Archery Range |
| 9:52 | Queue | Villager (Male) |
| 10:16 | Queue | Villager (Male) |
| 10:18 | Queue | Villager (Male) |
| 10:20 | Build | Lumber Camp |
| 10:39 | Build | Palisade Wall |
| 10:44 | Queue | Archer |
| 10:45 | Queue | Archer |
| 10:46 | Queue | Villager (Male) |
| 11:04 | Build | House |
| 11:07 | Queue | Villager (Male) |
| 11:14 | Build | Mill |
| 11:26 | Queue | Archer |
| 11:40 | Queue | Villager (Male) |
| 11:57 | Build | Blacksmith |
| 11:59 | Queue | Villager (Male) |
| 12:02 | Build | Palisade Wall |
| 12:04 | Build | Palisade Wall |
| 12:07 | Build | Palisade Wall |
| 12:15 | Queue | Archer |
| 12:19 | Build | Farm |
| 12:46 | Build | House |
| 12:51 | Build | Farm |
| 13:15 | Queue | Archer |
| 13:16 | Queue | Archer |
| 13:17 | Research | Fletching |
| 13:17 | Research | Fletching |
| 13:21 | Queue | Villager (Male) |
| 13:24 | Build | House |
| 13:29 | Build | Farm |
| 13:30 | Build | Farm |
| 13:44 | Build | Farm |
| 13:55 | Queue | Archer |
| 13:55 | Queue | Villager (Male) |
| 14:04 | Build | House |
| 14:14 | Queue | Villager (Male) |
| 14:30 | Queue | Villager (Male) |
| 14:47 | Build | Stable |
| 14:57 | Build | Farm |
| 15:00 | Research | Double-Bit Axe |
| 15:21 | Queue | Archer |
| 15:33 | Queue | Villager (Male) |
| 15:39 | Queue | Archer |
| 15:39 | Queue | Villager (Male) |
| 15:39 | Queue | Villager (Male) |
| 15:42 | Build | House |
| 15:45 | Queue | Scout Cavalry |
| 15:45 | Queue | Scout Cavalry |
| 15:55 | Build | Farm |
| 15:59 | Queue | Villager (Male) |
| 16:01 | Build | Farm |
| 16:03 | Build | Farm |
| 16:13 | Queue | Archer |
| 16:14 | Queue | Villager (Male) |
| 16:23 | Build | Farm |
| 16:30 | Queue | Scout Cavalry |
| 16:47 | Queue | Villager (Male) |
| 16:57 | Queue | Archer |
| 16:58 | Queue | Villager (Male) |
| 17:02 | Build | Farm |
| 17:02 | Build | Farm |
| 17:02 | Build | Farm |
| 17:02 | Build | Farm |
| 17:21 | Queue | Archer |
| 17:21 | Queue | Scout Cavalry |
| 17:22 | Queue | Villager (Male) |
| 17:32 | Build | Farm |
| 17:37 | Queue | Villager (Male) |
| 17:39 | Build | House |
| 17:40 | Build | House |
| 18:01 | Queue | Archer |
| 18:20 | Build | Market |
| 18:32 | Queue | Archer |
| 18:32 | Queue | Villager (Male) |
| 18:38 | Build | Farm |
| 19:05 | Queue | Villager (Male) |
| 19:07 | Queue | Archer |
| 19:12 | Build | House |
| 19:12 | Build | House |
| 19:18 | Build | Palisade Wall |
| 19:19 | Build | Palisade Wall |
| 19:46 | Research | Castle Age |
| 19:55 | Build | Archery Range |
| 20:22 | Queue | Archer |
| 20:24 | Queue | Villager (Male) |
| 20:45 | Queue | Villager (Male) |
| 21:05 | Queue | Archer |
| 21:06 | Queue | Villager (Male) |
| 21:13 | Build | House |
| 21:14 | Build | House |
| 21:37 | Queue | Archer |
| 21:56 | Build | House |
| 21:56 | Build | House |
| 22:01 | Queue | Archer |
| 22:26 | Age | Castle Age |
| 22:28 | Research | Crossbowman (upgrade) |
| 22:28 | Research | Crossbowman (upgrade) |
| 22:28 | Research | Bodkin Arrow |
| 22:29 | Research | Bow Saw |
| 22:29 | Research | Bow Saw |
| 22:42 | Build | Siege Workshop |
| 22:56 | Build | House |
| 23:00 | Build | Market |
| 23:11 | Queue | Villager (Male) |
| 23:33 | Queue | Mangonel |
| 23:37 | Queue | Archer |
| 23:37 | Queue | Archer |
| 23:38 | Queue | Villager (Male) |
| 23:49 | Queue | Villager (Male) |
| 23:53 | Queue | Villager (Male) |
| 23:59 | Research | Padded Archer Armor |
| 23:59 | Research | Padded Archer Armor |
| 24:01 | Queue | Villager (Male) |
| 24:15 | Queue | Villager (Male) |
| 24:47 | Queue | Archer |
| 25:32 | Queue | Archer |
Match timeline
| 2:09 | Scotty · first_building Barracks |
| 6:24 | _Platense · wall_segment Palisade Wall x1 |
| 6:25 | _Platense · wall_segment Palisade Wall x1 |
| 7:39 | _Platense · first_building Barracks |
| 8:41 | Scotty · wall_segment Palisade Wall x3 |
| 8:42 | Scotty · wall_segment Palisade Wall x6 |
| 9:01 | _Platense · age_up feudal |
| 9:02 | _Platense · first_building Archery Range |
| 9:04 | Scotty · wall_segment Palisade Wall x10 |
| 9:25 | Scotty · wall_segment Palisade Wall x2 |
| 10:34 | Scotty · wall_segment Palisade Wall x2 |
| 10:39 | _Platense · wall_segment Palisade Wall x5 |
| 10:41 | Scotty · wall_segment Palisade Wall x10 |
| 10:57 | Scotty · wall_segment Palisade Wall x4 |
| 11:43 | Scotty · wall_segment Palisade Wall x3 |
| 12:02 | _Platense · wall_segment Palisade Wall x1 |
| 12:04 | _Platense · wall_segment Palisade Wall x2 |
| 12:07 | _Platense · wall_segment Palisade Wall x1 |
| 12:17 | Scotty · age_up feudal |
| 12:21 | Scotty · first_building Archery Range |
| 14:47 | _Platense · first_building Stable |
| 16:26 | Scotty · first_market_sell 100 stone |
| 16:27 | Scotty · first_market_buy 100 food |
| 19:18 | Scotty · wall_segment Palisade Wall x1 |
| 19:18 | _Platense · wall_segment Palisade Wall x12 |
| 19:19 | Scotty · wall_segment Palisade Wall x1 |
| 19:19 | _Platense · wall_segment Palisade Wall x6 |
| 19:20 | Scotty · wall_segment Palisade Wall x1 |
| 19:36 | _Platense · first_market_sell 500 stone |
| 19:37 | _Platense · first_market_buy 100 food |
| 20:31 | Scotty · age_up castle |
| 21:20 | Scotty · wall_segment Palisade Wall x1 |
| 22:26 | _Platense · age_up castle |
| 22:42 | _Platense · first_building Siege Workshop |
| 25:59 | Scotty · first_building Siege Workshop |
| 26:31 | _Platense · resign |
[ AI ANALYSIS · 1 CREDIT ]
What really happened in this match?
Wolo.gg analyzes every decision: build order, eco, micro, common mistakes by bracket. Personalized analysis on WhatsApp or Discord in 30 seconds.
Civ guide
Malians
Perfil
Jugador #301918